PCL
MILE HIGH BRONCOS @ MEXICO CITY CERVECEROS
09/18/2025
 
TOP OF THE 1ST
Mile High Broncos batting - Pitching for Mexico City Cerveceros : RHP Miguel Archuleta
Pitching: RHP Miguel Archuleta
Batting: RHB Francisco Medina 0-0: Ground out 6-3 (Groundball, 6)
Batting: RHB José Herrera 0-0: Ground out 4-3 (Groundball, 4)
Batting: RHB Jung-ha Kim 0-0: Foul Ball, location: 2F
0-1: Called Strike
0-2: Ball
1-2: Ball
2-2: Ball
3-2: Foul Ball, location: 2F
3-2: Foul Ball, location: 2F
3-2: Ground out 5-3 (Groundball, 56)
Top of the 1st over - 0 run(s), 0 hit(s), 0 error(s), 0 left on base; Mile High 0 - Mexico City 0
BOTTOM OF THE 1ST
Mexico City Cerveceros batting - Pitching for Mile High Broncos : RHP Thomas Fulton
Pitching: RHP Thomas Fulton
Batting: LHB Juan García 0-0: Ball
1-0: Ball
2-0: Called Strike
2-1: Swinging Strike
2-2: SINGLE (Groundball, 4M)
Batting: RHB Robert Johnson 0-0: Ball
1-0: Called Strike
1-1: Foul Ball, location: 2F
1-2: Ball
2-2: DOUBLE (Line Drive, 8RD)
Juan García to third
Batting: RHB Murai Ishihara 0-0: Called Strike
0-1: Ball
1-1: Swinging Strike
1-2: Strikes out swinging
Batting: RHB Dave Morgan 0-0: Swinging Strike
0-1: Called Strike
0-2: Foul Ball, location: 2F
0-2: Foul Ball, location: 2F
0-2: Foul Ball, location: 2F
0-2: Strikes out swinging
Batting: LHB Brandon Cummings 0-0: Swinging Strike
0-1: Ball
1-1: Ball
2-1: Called Strike
2-2: Ball
3-2: Base on Balls
Batting: RHB Jesús Torres 0-0: Ball
1-0: Called Strike
1-1: Foul Ball, location: 2F
1-2: Ball
2-2: Strikes out swinging
Bottom of the 1st over - 0 run(s), 2 hit(s), 0 error(s), 3 left on base; Mile High 0 - Mexico City 0
TOP OF THE 2ND
Mile High Broncos batting - Pitching for Mexico City Cerveceros : RHP Miguel Archuleta
Batting: RHB António Martínez 0-0: SOLO HOME RUN (Line Drive, 7LD), Distance : 342 ft
Batting: LHB Bill Houston 0-0: Ball
1-0: Foul Ball, location: 2F
1-1: SOLO HOME RUN (Line Drive, 9LD), Distance : 319 ft
Batting: RHB Matt Silver 0-0: Swinging Strike
0-1: Fly out, F8 (Flyball, 8RD)
Batting: SHB Tom Stevens 0-0: Called Strike
0-1: Called Strike
0-2: Ball
1-2: Ball
2-2: Ground out 1-3 (Groundball, 15)
Batting: RHB José Rodríguez 0-0: DOUBLE (Line Drive, 78D)
Batting: SHB Paco Martínez 0-0: Swinging Strike
0-1: Swinging Strike
0-2: Foul Ball, location: 2F
0-2: DOUBLE (Flyball, 9LM)
José Rodríguez scores
Batting: RHB Francisco Medina 0-0: SINGLE (Groundball, 56D)
Paco Martínez to third
Runner from 3rd tries for Home, throw and OUT!
Top of the 2nd over - 3 run(s), 5 hit(s), 0 error(s), 1 left on base; Mile High 3 - Mexico City 0
BOTTOM OF THE 2ND
Mexico City Cerveceros batting - Pitching for Mile High Broncos : RHP Thomas Fulton
Batting: RHB Carl Martin 0-0: Ball
1-0: Called Strike
1-1: Foul Ball, location: 2F
1-2: Ground out 4-3 (Groundball, 4)
Batting: RHB Robinson Pacheco 0-0: Ball
1-0: Called Strike
1-1: Ball
2-1: Ball
3-1: Swinging Strike
3-2: Ground out 6-3 (Groundball, 6)
Batting: LHB John Nicholson 0-0: Ball
1-0: Foul Ball, location: 2F
1-1: Ground out U3 (Groundball, 3)
Bottom of the 2nd over - 0 run(s), 0 hit(s), 0 error(s), 0 left on base; Mile High 3 - Mexico City 0
TOP OF THE 3RD
Mile High Broncos batting - Pitching for Mexico City Cerveceros : RHP Miguel Archuleta
Batting: RHB José Herrera 0-0: Called Strike
0-1: Swinging Strike
0-2: Ball
1-2: Ball
2-2: Strikes out swinging
Batting: RHB Jung-ha Kim 0-0: Fly out, F8 (Flyball, 8RM)
Batting: RHB António Martínez 0-0: Ball
1-0: Called Strike
1-1: DOUBLE (Line Drive, 7D)
Batting: LHB Bill Houston 0-0: Ground out 4-3 (Groundball, 4)
Top of the 3rd over - 0 run(s), 1 hit(s), 0 error(s), 1 left on base; Mile High 3 - Mexico City 0
BOTTOM OF THE 3RD
Mexico City Cerveceros batting - Pitching for Mile High Broncos : RHP Thomas Fulton
Batting: LHB Juan García 0-0: Ball
1-0: Ball
2-0: Ball
3-0: Base on Balls
Batting: RHB Robert Johnson 0-0: Ground out 5-3 (Groundball, 5S)
Juan García to second
Batting: RHB Murai Ishihara 0-0: Ground out 5-3 (Groundball, 15S)
Juan García to third
Batting: RHB Dave Morgan 0-0: Ball
1-0: Ball
2-0: Called Strike
2-1: Ball
3-1: Base on Balls
Batting: LHB Brandon Cummings 0-0: Ball
1-0: Ball
2-0: Called Strike
2-1: Ball
3-1: Base on Balls
Dave Morgan to second
Batting: RHB Jesús Torres 0-0: Called Strike
0-1: SINGLE (Popup, 6D)
Juan García scores
Dave Morgan to third
Brandon Cummings to second
Batting: RHB Carl Martin 0-0: Called Strike
0-1: Foul Ball, location: 2F
0-2: Foul Ball, location: 2F
0-2: Ball
1-2: Ball
2-2: Foul Ball, location: 2F
2-2: Foul Ball, location: 2F
2-2: Ball
3-2: Foul Ball, location: 2F
3-2: Base on Balls
Dave Morgan scores
Brandon Cummings to third
Jesús Torres to second
Batting: RHB Robinson Pacheco 0-0: Ball
1-0: Ball
2-0: Ball
3-0: Called Strike
3-1: Base on Balls
Brandon Cummings scores
Jesús Torres to third
Carl Martin to second
Batting: LHB John Nicholson 0-0: Fly out, F8 (Flyball, 78M)
Bottom of the 3rd over - 3 run(s), 1 hit(s), 0 error(s), 3 left on base; Mile High 3 - Mexico City 3
TOP OF THE 4TH
Mile High Broncos batting - Pitching for Mexico City Cerveceros : RHP Miguel Archuleta
Batting: RHB Matt Silver 0-0: Foul Ball, location: 2F
0-1: Ball
1-1: Foul Ball, location: 2F
1-2: Ground out 5-3 (Groundball, 56)
Batting: SHB Tom Stevens 0-0: Ball
1-0: Foul Ball, location: 2F
1-1: Ball
2-1: Ball
3-1: Base on Balls
Batting: RHB José Rodríguez 0-0: Called Strike
0-1: Called Strike
0-2: Strikes out swinging
Batting: SHB Paco Martínez 0-0: Ball
1-0: SINGLE (Line Drive, 6D)
Tom Stevens to second
Batting: RHB Francisco Medina 0-0: Ball
1-0: Called Strike
1-1: Ball
2-1: Ball
3-1: Fielders Choice at 2nd, 5-4 (Groundball, 56)
Top of the 4th over - 0 run(s), 1 hit(s), 0 error(s), 1 left on base; Mile High 3 - Mexico City 3
BOTTOM OF THE 4TH
Mexico City Cerveceros batting - Pitching for Mile High Broncos : RHP Thomas Fulton
Batting: LHB Juan García 0-0: Swinging Strike
0-1: Ball
1-1: Foul Ball, location: 2F
1-2: Strikes out swinging
Batting: RHB Robert Johnson 0-0: Called Strike
0-1: Called Strike
0-2: Ball
1-2: Fly out, F7 (Flyball, 78D)
Batting: RHB Murai Ishihara 0-0: Ball
1-0: Foul Ball, location: 2F
1-1: Ball
2-1: Foul Ball, location: 2F
2-2: Ground out 6-3 (Groundball, 6M)
Bottom of the 4th over - 0 run(s), 0 hit(s), 0 error(s), 0 left on base; Mile High 3 - Mexico City 3
TOP OF THE 5TH
Mile High Broncos batting - Pitching for Mexico City Cerveceros : RHP Miguel Archuleta
Batting: RHB José Herrera 0-0: Ground out 5-3 (Groundball, 5)
Batting: RHB Jung-ha Kim 0-0: Fly out, F8 (Flyball, 8RXD)
Batting: RHB António Martínez 0-0: Ball
1-0: Foul Ball, location: 2F
1-1: Foul Ball, location: 2F
1-2: Foul Ball, location: 2F
1-2: Strikes out looking
Top of the 5th over - 0 run(s), 0 hit(s), 0 error(s), 0 left on base; Mile High 3 - Mexico City 3
BOTTOM OF THE 5TH
Mexico City Cerveceros batting - Pitching for Mile High Broncos : RHP Thomas Fulton
Pitching: RHP Todd Howell
Batting: RHB Dave Morgan 0-0: Ball
1-0: Swinging Strike
1-1: Swinging Strike
1-2: Foul Ball, location: 2F
1-2: Ball
2-2: Ball
3-2: Foul Ball, location: 2F
3-2: Strikes out looking
Batting: LHB Brandon Cummings 0-0: Called Strike
0-1: Foul Ball, location: 2F
0-2: Ball
1-2: Ball
2-2: Ball
3-2: Foul Ball, location: 2F
3-2: Foul Ball, location: 2F
3-2: Base on Balls
Batting: RHB Jesús Torres 0-0: Foul Ball, location: 2F
0-1: Foul Ball, location: 2F
0-2: Ball
1-2: Ball
2-2: Foul Ball, location: 2F
2-2: Ball
3-2: Foul Ball, location: 2F
3-2: Foul Ball, location: 2F
3-2: Foul Ball, location: 2F
3-2: Foul Ball, location: 2F
3-2: Strikes out swinging
Batting: RHB Carl Martin 0-0: Called Strike
0-1: Called Strike
0-2: Foul Ball, location: 2F
0-2: Ball
1-2: Ball
2-2: Foul Ball, location: 2F
2-2: Foul Ball, location: 2F
2-2: Foul Ball, location: 2F
2-2: Foul Ball, location: 2F
2-2: Ball
3-2: Foul Ball, location: 2F
3-2: Base on Balls
Brandon Cummings to second
Pitching: LHP Mark Stewart
Batting: RHB Robinson Pacheco 0-0: 3-RUN HOME RUN (Flyball, 78XD), Distance : 397 ft
Batting: LHB John Nicholson 0-0: Called Strike
0-1: Swinging Strike
0-2: Ball
1-2: Ball
2-2: Foul Ball, location: 2F
2-2: Ball
3-2: Ground out 4-3 (Groundball, 34)
Bottom of the 5th over - 3 run(s), 1 hit(s), 0 error(s), 0 left on base; Mile High 3 - Mexico City 6
TOP OF THE 6TH
Mile High Broncos batting - Pitching for Mexico City Cerveceros : RHP Miguel Archuleta
Batting: LHB Bill Houston 0-0: Foul Ball, location: 2F
0-1: Called Strike
0-2: Ball
1-2: Ball
2-2: SINGLE (Flyball, 7LS)
Batting: RHB Matt Silver 0-0: Ball
1-0: Swinging Strike
1-1: Ball
2-1: Ball
3-1: Foul Ball, location: 2F
3-2: Foul Ball, location: 2F
3-2: SINGLE (Flyball, 8LS)
Bill Houston to second
Bill Houston to third
Batting: SHB Tom Stevens 0-0: Called Strike
0-1: Called Strike
0-2: Foul Ball, location: 2F
0-2: Reached on error, E6 (Groundball, 6M)
Bill Houston scores
Matt Silver to second
Batting: RHB José Rodríguez 0-0: Foul Ball, location: 2F
0-1: Ball
1-1: Ball
2-1: Foul Ball, location: 2F
2-2: Foul Ball, location: 2F
2-2: Strikes out swinging
Batting: SHB Paco Martínez 0-0: Called Strike
0-1: Foul Ball, location: 2F
0-2: Ball
1-2: Ball
2-2: Grounds into double play, 4-6-3 (Groundball, 34)
Top of the 6th over - 1 run(s), 2 hit(s), 1 error(s), 1 left on base; Mile High 4 - Mexico City 6
BOTTOM OF THE 6TH
Mexico City Cerveceros batting - Pitching for Mile High Broncos : LHP Mark Stewart
Batting: LHB Juan García 0-0: Fly out, F7 (Flyball, 7S)
Batting: RHB Robert Johnson 0-0: Ground out 5-3 (Groundball, 56)
Batting: RHB Murai Ishihara 0-0: Ball
1-0: Ball
2-0: SINGLE (Line Drive, 9S)
Batting: RHB Dave Morgan 0-0: Foul Ball, location: 2F
0-1: Foul Ball, location: 2F
0-2: Foul Ball, location: 2F
0-2: Ball
1-2: Fielders Choice at 2nd, 5-4 (Groundball, 56)
Bottom of the 6th over - 0 run(s), 1 hit(s), 0 error(s), 0 left on base; Mile High 4 - Mexico City 6
TOP OF THE 7TH
Mile High Broncos batting - Pitching for Mexico City Cerveceros : RHP Miguel Archuleta
Pitching: RHP Clarence Allen
Batting: RHB Francisco Medina 0-0: Ball
1-0: Called Strike
1-1: Foul Ball, location: 2F
1-2: Ball
2-2: SINGLE (Groundball, 4)
Batting: RHB José Herrera 0-0: Called Strike
0-1: Ball
1-1: Fly out, F7 (Line Drive, 7M)
Batting: RHB Jung-ha Kim 0-0: Foul Ball, location: 2F
0-1: Ball
1-1: Ball
2-1: Ball
3-1: Foul Ball, location: 2F
3-2: SINGLE (Line Drive, 4M)
Francisco Medina to second
Batting: RHB António Martínez 0-0: Called Strike
0-1: Ball
1-1: SINGLE (Line Drive, 34)
Francisco Medina to third
Jung-ha Kim to second
Batting: LHB Bill Houston 0-0: Called Strike
0-1: Ball
1-1: Ball
2-1: Foul Ball, location: 2F
2-2: DOUBLE (Line Drive, 89S)
Francisco Medina scores
Jung-ha Kim scores
António Martínez to third
Pitching: LHP Daniel Draper
Batting: RHB Matt Silver 0-0: DOUBLE (Flyball, 89D)
António Martínez scores
Bill Houston scores
Batting: SHB Tom Stevens 0-0: Ball
1-0: Fly out, F7 (Popup, 6D)
Batting: RHB José Rodríguez 0-0: Ball
1-0: Called Strike
1-1: Swinging Strike
1-2: SINGLE (Line Drive, 4MD)
Matt Silver to third
Runner from 3rd tries for Home, SAFE, no throw or cutoff
Batting: SHB Paco Martínez 0-0: Ball
1-0: Swinging Strike
1-1: Ball
2-1: Ground out 6-3 (Groundball, 6)
Top of the 7th over - 5 run(s), 6 hit(s), 0 error(s), 1 left on base; Mile High 9 - Mexico City 6
BOTTOM OF THE 7TH
Mexico City Cerveceros batting - Pitching for Mile High Broncos : LHP Mark Stewart
Batting: LHB Brandon Cummings 0-0: Ball
1-0: Called Strike
1-1: Ball
2-1: Called Strike
2-2: Foul Ball, location: 2F
2-2: Strikes out swinging
Batting: RHB Jesús Torres 0-0: Called Strike
0-1: Swinging Strike
0-2: Ball
1-2: Ball
2-2: Foul Ball, location: 2F
2-2: SINGLE (Groundball, 34)
Batting: RHB Carl Martin 0-0: Ball
1-0: Foul Ball, location: 2F
1-1: Fly out, F1 (Popup, 23)
Batting: RHB Robinson Pacheco 0-0: Ball
1-0: Ball
2-0: Swinging Strike
2-1: Fly out, F6 (Line Drive, 6)
Bottom of the 7th over - 0 run(s), 1 hit(s), 0 error(s), 1 left on base; Mile High 9 - Mexico City 6
TOP OF THE 8TH
Mile High Broncos batting - Pitching for Mexico City Cerveceros : LHP Daniel Draper
Batting: RHB Francisco Medina 0-0: Foul Ball, location: 2F
0-1: Ball
1-1: Ball
2-1: Foul Ball, location: 2F
2-2: Ground out 6-3 (Groundball, 6)
Batting: RHB José Herrera 0-0: Ball
1-0: Ball
2-0: Ball
3-0: Base on Balls
Batting: RHB Jung-ha Kim 0-0: Ball
1-0: Swinging Strike
1-1: Foul Ball, location: 2F
1-2: Ball
2-2: Foul Ball, location: 2F
2-2: Ball
3-2: Base on Balls
José Herrera to second
Batting: RHB António Martínez 0-0: Ball
Wild Pitch!
José Herrera to third
Jung-ha Kim to second
1-0: Called Strike
1-1: Ball
2-1: Foul Ball, location: 2F
2-2: Fly out, F9 (Flyball, 89M)
Runner from 3rd tags up, SCORES, no throw
Pitching: LHP Joey Smith
Batting: LHB Bill Houston 0-0: Foul Ball, location: 2F
0-1: Foul Ball, location: 2F
0-2: Ground out U3 (Groundball, 3S)
Top of the 8th over - 1 run(s), 0 hit(s), 0 error(s), 1 left on base; Mile High 10 - Mexico City 6
BOTTOM OF THE 8TH
Mexico City Cerveceros batting - Pitching for Mile High Broncos : LHP Mark Stewart
Batting: LHB John Nicholson 0-0: Ball
1-0: Ground out 4-3 (Groundball, 4)
Batting: LHB Juan García 0-0: Called Strike
0-1: Ball
1-1: Swinging Strike
1-2: Ball
2-2: Foul Ball, location: 2F
2-2: SINGLE (Line Drive, 56D)
Pitching: LHP Jorge García
Batting: RHB Robert Johnson 0-0: Called Strike
0-1: Ball
1-1: Called Strike
1-2: Strikes out swinging
Batting: RHB Murai Ishihara 0-0: Ball
1-0: Ground out 5-3 (Groundball, 56S)
Bottom of the 8th over - 0 run(s), 1 hit(s), 0 error(s), 1 left on base; Mile High 10 - Mexico City 6
TOP OF THE 9TH
Mile High Broncos batting - Pitching for Mexico City Cerveceros : LHP Joey Smith
Batting: RHB Matt Silver 0-0: SINGLE (Groundball, 56D) (infield hit)
Batting: SHB Tom Stevens 0-0: Called Strike
0-1: Foul Ball, location: 2F
0-2: Strikes out swinging
Batting: RHB José Rodríguez 0-0: Ball
1-0: Ball
Matt Silver steals 2nd base
2-0: Called Strike
2-1: Called Strike
2-2: Ground out 6-3 (Groundball, 6)
Batting: SHB Paco Martínez 0-0: Ball
1-0: Ball
2-0: Foul Ball, location: 2F
2-1: Called Strike
2-2: Ball
3-2: Ground out 6-3 (Groundball, 56)
Top of the 9th over - 0 run(s), 1 hit(s), 0 error(s), 1 left on base; Mile High 10 - Mexico City 6
BOTTOM OF THE 9TH
Mexico City Cerveceros batting - Pitching for Mile High Broncos : LHP Jorge García
Batting: RHB Dave Morgan 0-0: Fly out, F9 (Flyball, 9LD)
Batting: LHB Brandon Cummings 0-0: Ball
1-0: Foul Ball, location: 2F
1-1: Ground out 4-3 (Groundball, 4M)
Batting: RHB Jesús Torres 0-0: Ball
1-0: SINGLE (Groundball, 15) (infield hit)
Batting: RHB Carl Martin 0-0: Ball
1-0: Ball
2-0: Reached on error, E6 (Groundball, 6MS)
Jesús Torres to second
Pitching: RHP Tony Marrero
Batting: RHB Robinson Pacheco 0-0: Called Strike
0-1: Foul Ball, location: 2F
0-2: Ball
1-2: Strikes out looking
Bottom of the 9th over - 0 run(s), 1 hit(s), 1 error(s), 2 left on base; Mile High 10 - Mexico City 6
This league is powered by Out of the Park Baseball, the baseball management simulation game for PC, Mac and Linux
Tuesday, August 2nd, 2016 - OOTP Baseball 16.8 Build 38